 Dungeon Crawl Stone Soup version 0.29.1-2-gbd0b4ee654 (webtiles) character file.

Game seed: 2582087593368385352

88 GorkyZ the Trooper (level 4, -1/35 HPs)
             Began as a Demonspawn Fighter on Nov 20, 2022.
             Slain by a hobgoblin (5 damage)
             ... led by Robin
             ... on level 3 of the Dungeon.
             The game lasted 00:04:07 (2001 turns).

GorkyZ the Trooper (Demonspawn Fighter)             Turns: 2001, Time: 00:04:08

Health: -1/35      AC:  6    Str: 18    XL:     4   Next: 29%
Magic:  4/4        EV:  9    Int: 10    God:
Gold:   174        SH:  4    Dex:  7    Spells: 3/3 levels left

rFire   + . .      SeeInvis +   r - +6 mace of Breach {vorpal, rElec rF+ rN+ Dex-5}
rCold   . . .      Faith    .   c - +0 buckler
rNeg    + . .      Spirit   .   b - +0 scale mail
rPois   .          Reflect  .   (no helmet)
rElec   +          Harm     .   (no cloak)
rCorr   .          Rampage  .   (no gloves)
Will    .....                   (no boots)
Stlth   ..........              (no amulet)
HPRegen 0.11/turn               e - ring of see invisible
MPRegen 0.09/turn               (no ring)

@: lethally poisoned (-1 -> -17)
A: claws 1, demonic guardian 1
a: no special abilities


You were on level 3 of the Dungeon.
You visited 1 branch of the dungeon, and saw 3 of its levels.

You collected 174 gold pieces.

Inventory:

Hand Weapons
 a - a +0 war axe
 r - the +6 mace of Breach (weapon) {vorpal, rElec rF+ rN+ Dex-5}
   (You found it on level 3 of the Dungeon)

   It inflicts extra damage upon your enemies.
   Dex:       It affects your dexterity (-5).
   rF:        It protects you from fire.
   rElec:     It insulates you from electricity.
   rN:        It protects you from negative energy.
Armour
 b - a +0 scale mail (worn)
 c - a +0 buckler (worn)
Jewellery
 e - a ring of see invisible (left claw)
Scrolls
 f - a scroll of amnesia {unknown}
 h - a scroll of enchant weapon {unknown}
 j - 2 scrolls of identify {unknown}
 k - a scroll of blinking {unknown}
 l - a scroll of magic mapping {unknown}
 m - 2 scrolls of fear {unknown}
 o - a scroll of summoning {unknown}
 q - a scroll of teleportation {unknown}
 s - a scroll of immolation {unknown}
Potions
 d - a potion of might
 g - a potion of attraction {unknown}
 i - 2 potions of heal wounds {unknown}
 n - 2 potions of mutation {unknown}
 p - a potion of curing {unknown}


   Skills:
 + Level 3.5 Fighting
 - Level 2.1 Axes
 + Level 0.1(1.2) Maces & Flails
 + Level 0.9 Throwing
 * Level 3.4 Armour
 + Level 3.1 Shields
 + Level 0.9 Evocations


You had 3 spell levels left.
You didn't know any spells.
Your spell library contained the following spells:

 Spells                   Type           Power      Damage    Failure   Level
 Static Discharge         Conj/Air       0%         3-3/arc   93%         2
 Dispel Undead            Necr           0%         3d6       100%        4
 Sticky Flame             Conj/Fire      0%         2d3       100%        4


Dungeon Overview and Level Annotations

Branches:
Dungeon (3/15)

Altars:

Annotations:
D:3 Robin


Innate Abilities, Weirdness & Mutations

You have sharp fingernails.
A weak demonic guardian rushes to your aid.


Message History

You are more poisoned.
The goblin hits you but does no damage.
The goblin hits you with a +1 dagger of venom.
Robin roars a battlecry!
The goblins go into a battle-frenzy!
You hit the goblin.
You kill the goblin!
You feel very sick.
A hobgoblin comes into view.
The goblin hits you with a +1 dagger of venom.
You closely miss the hobgoblin.
You feel very sick. The hobgoblin hits you.
The goblin hits you with a +1 dagger of venom.
You block the goblin's attack.
The hobgoblin hits you but does no damage.
You are too injured to fight recklessly!
You are too injured to fight recklessly!
You are too injured to fight recklessly!
You are too injured to fight recklessly!
You barely miss the hobgoblin.
You feel sick. The hobgoblin misses you. Robin hits you but does no damage.
You block the goblin's attack.
You closely miss the goblin.
You feel sick.
The hobgoblin hits you but does no damage.
Robin says, "My army is invincible!"
Robin hits you but does no damage.
A hobgoblin comes into view.
The goblin hits you but does no damage.
You are lethally poisoned!
You barely miss the goblin.
* * * LOW HITPOINT WARNING * * *
You feel very sick.
The hobgoblin shouts!
The hobgoblin hits you.
* * * LOW HITPOINT WARNING * * *
A demonic guardian appears!
Robin closely misses you. The goblin hits you but does no damage.
You are more poisoned.
The hobgoblin hits you.
You die...

########.##
#.# # ###
#.# # #.# .
#.# ..
#.### ..#
#...# ...
###.#
#.######.##
#gggg@g5.#
#.######..#
#.?# #..#
#..# #..#
...# #.#


You could see Robin, 3 hobgoblins, a goblin (strong, ally target) and a friendly
white imp (summoned).

Vanquished Creatures
  2 adders
  5 dart slugs
  6 ball pythons
  6 bats
  2 endoplasms (D:1)
  2 giant cockroaches (D:1)
  4 goblins
  3 hobgoblins
  7 jackals (D:2)
  6 kobolds
  5 quokkas
  3 frilled lizards
  3 rats
54 creatures vanquished.

Vanquished Creatures (others)
  3 fungi (D:1)
  2 plants
5 creatures vanquished.

Grand Total: 59 creatures vanquished

Notes
Turn   | Place    | Note
-------+----------+-------------------------------------------
     0 | D:1      | GorkyZ the Demonspawn Fighter began the quest for the Orb.
     0 | D:1      | Reached XP level 1. HP: 18/18 MP: 1/1
   203 | D:1      | Gained mutation: You have sharp fingernails. [demonic
                  | ancestry]
   203 | D:1      | Reached XP level 2. HP: 24/24 MP: 2/2
   867 | D:1      | Found a faded altar of an unknown god.
  1073 | D:2      | Reached XP level 3. HP: 27/29 MP: 3/3
  1579 | D:2      | Gained mutation: A weak demonic guardian rushes to your
                  | aid. [demonic ancestry]
  1579 | D:2      | Reached XP level 4. HP: 35/35 MP: 4/4
  1870 | D:3      | Identified the +6 mace of Breach {vorpal, rElec rF+ rN+
                  | Dex-5}
  1994 | D:3      | Noticed Robin
  2001 | D:3      | Slain by a hobgoblin

Illustrated notes

Levels and vault maps discovered:
D:1:      onia_arrival_pyramid, layout_basic,
          shapermc_ecumenical_altar_hornbeckon, minmay_strange_pillars,
          minmay_pentomino_t4
D:2:      layout_basic
D:3:      cheibrodos_old_hovel, layout_loops_ring,
          minmay_fractal_squares_diagonal_5, uniq_robin

Skill      XL: |  1  2  3 |
---------------+----------+-----
Axes           | 2 |  2.1
Armour         | 3 |  3.4
Shields        | 3 |  3.1
Fighting       | |  3.5
Maces & Flails | |  0.1
Throwing       | |  0.9
Evocations     | |  0.9

Action                   |  1- 3 |  4- 6 || total
-------------------------+-------+-------++-------
Melee: War axe           |   121 |     6 ||   127
       Mace              |       |    16 ||    16
Armor: Scale mail        |    76 |    18 ||    94
Dodge: Dodged            |    66 |     9 ||    75
Block: Buckler           |    27 |     8 ||    35
